 Dungeon Crawl Stone Soup version 0.25-a0-578-gc91f01c39c (webtiles) character file.

Game seed: 938494735470064636, levelgen mode: deterministic

16438 Haet the Geomancer (level 12, -2/78 HPs)
             Began as a Gargoyle Earth Elementalist on Mar 5, 2020.
             Was a Believer of Vehumet.
             Slain by Rupert
             ... wielding a +2 great mace of protection
              (24 damage)
             ... on level 13 of the Dungeon.
             The game lasted 00:50:44 (13946 turns).

Haet the Geomancer (Gargoyle Earth Elementalist)   Turns: 13946, Time: 00:50:45

Health: -2/78      AC: 21    Str: 12    XL:     12   Next: 37%
Magic:  0/28       EV: 16    Int: 24    God:    Vehumet [**....]
Gold:   1007       SH:  0    Dex: 19    Spells: 17/26 levels left

rFire    . . .     SeeInvis .   t - +10 morningstar "Eos" {elec, Halo rElec}
rCold    . . .     Gourm    +   (no shield)
rNeg     + . .     Faith    .   G - +4 moon troll leather armour {Spirit, Regen++ MP+5}
rPois    ∞         Spirit   +   (helmet restricted)
rElec    +         Reflect  .   K - +2 cloak
rCorr    .         Harm     .   (no gloves)
MR       .....                  (no boots)
Stlth    +.........             o - amulet of the gourmand
HPRegen  1.03/turn              O - ring "Axtamup" {rC- Int+3 Dex+9 Slay+4}
MPRegen  0.21/turn              H - ring of wizardry (curse)

@: glowing
A: fangs 1, horns 1, cold resistance 1, negative energy resistance 1, robust 1,
electricity resistance, unbreathing, evolution 1, petrification resistance, rot
immunity, MP-powered wands, AC +8
a: Renounce Religion


You were on level 13 of the Dungeon.
You worshipped Vehumet.
Vehumet was pleased with you.
You were completely stuffed.

You visited 2 branches of the dungeon, and saw 14 of its levels.
You also visited: Bailey and Gauntlet.

You collected 1329 gold pieces.
You spent 322 gold pieces at shops.

Inventory:

Hand Weapons
 t - the +10 morningstar "Eos" (weapon) {elec, Halo rElec}
   (You took it off a minotaur in a Gauntlet)

   Occasionally, upon striking a foe, it will discharge some electrical energy
   and cause terrible harm.
   It insulates you from electricity.
 u - a +0 morningstar
 y - a +4 quarterstaff of draining
 A - a +3 eveningstar of freezing
Missiles
 b - 105 stones (quivered)
 v - a throwing net
Armour
 c - the +0 pair of gloves of the Valley {rC+ rN+ Str-3 Stlth+}
   (You found it in a Gauntlet)

   It affects your strength (-3).
   It protects you from cold.
   It protects you from negative energy.
   It makes you more stealthy.
   If you switch to wearing this armour, your AC will increase by 1 (21 -> 22).
 m - a +2 robe of fire resistance
 D - +2 steam dragon scales
 G - the +4 moon troll leather armour (worn) {Spirit, Regen++ MP+5}
   (You took it off a kobold in a bailey)

   It affects your magic capacity (+5).
   It increases your rate of regeneration.
   If you remove this armour, your AC will decrease by 9 (21 -> 12).
 K - a +2 cloak (worn)
 L - a +2 robe of cold resistance
Jewellery
 o - an amulet of the gourmand (around neck)
 p - an uncursed ring of protection from cold
 r - an uncursed ring of protection from magic
 w - an uncursed ring of fire
 H - a cursed ring of wizardry (right hand)
 O - the ring "Axtamup" (left hand) {rC- Int+3 Dex+9 Slay+4}
   (You acquired it on level 11 of the Dungeon)

   [ring of slaying]

   It affects your intelligence (+3).
   It affects your dexterity (+9).
   It affects your accuracy and damage with ranged weapons and melee attacks
   (+4).
   It makes you vulnerable to cold.
 R - a +4 ring of evasion
Wands
 g - a wand of random effects (32)
 j - a wand of disintegration (18)
 n - a wand of iceblast (11)
 s - a wand of scattershot (4)
 B - a wand of flame (14)
 C - a wand of digging (3)
 I - a wand of paralysis (12)
 J - a wand of clouds (3)
 M - a wand of acid (11)
Scrolls
 f - 2 scrolls of enchant armour
 h - 7 scrolls of teleportation
 k - 6 scrolls of remove curse
 q - a scroll of identify
 F - a scroll of amnesia
 Q - a scroll of fog
Potions
 a - a potion of lignification
 e - a potion of stabbing
 i - a potion of might
 l - 4 potions of flight
 x - 7 potions of curing
 z - 4 potions of ambrosia
 E - 3 potions of brilliance
 P - a potion of heal wounds
Miscellaneous
 N - a phantom mirror
Comestibles
 d - 32 rations


   Skills:
 + Level 6.9 Fighting
 + Level 6.3 Maces & Flails
 - Level 6.1 Armour
 + Level 5.6 Dodging
 - Level 2.1 Stealth
 + Level 7.9 Spellcasting
 + Level 8.6 Conjurations
   Level 0.7 Transmutations
 + Level 10.5 Earth Magic
 + Level 5.8 Evocations


You had 17 spell levels left.
You knew the following spells:

 Your Spells              Type           Power        Failure   Level  Hunger
a - Sandblast             Erth           ######       1%          1    None
b - Stone Arrow           Conj/Erth      ######       1%          3    None
c - Lee's Rapid Deconstr  Erth           ######....   1%          5    #####..

Your spell library contained the following spells:

 Spells                   Type           Power        Failure   Level  Hunger
 Mephitic Cloud           Conj/Pois/Air  ###.....     3%          3    None
 Passwall                 Tmut/Erth      #####...     1%          2    None
 Animate Skeleton         Necr           N/A          3%          1    None
 Apportation              Tloc           #.....       3%          1    None
 Corona                   Hex            #......      3%          1    None
 Summon Small Mammal      Summ           #...         3%          1    None
 Leda's Liquefaction      Hex/Erth       ####......   3%          4    ##.....
 Petrify                  Tmut/Erth      #####...     3%          4    ##.....
 Slow                     Hex            #.......     4%          2    None
 Inner Flame              Hex/Fire       #.......     10%         3    None
 Portal Projectile        Hex/Tloc       #.....       10%         3    None
 Cause Fear               Hex            #.........   32%         4    ##.....
 Yara's Violent Unravell  Hex/Tmut       ##........   56%         5    #####..
 Silence                  Hex/Air        #.........   63%         5    #####..
 Deflect Missiles         Chrm/Air       #.........   99%         6    ######.
 Discord                  Hex            #.........   100%        8    #######


Dungeon Overview and Level Annotations

Branches:
Dungeon (13/15)            Temple (1/1) D:4            Lair (0/6) D:9
    Orc (0/2) D:10         Bailey (visited)         Gauntlet (visited)
 Vaults: D:13-14

Altars:
Ashenzari
Cheibriados
Dithmenos
Elyvilon
Fedhas
Gozag
Hepliaklqana
Kikubaaqudgha
Makhleb
Nemelex Xobeh
Okawaru
Qazlal
Ru
Sif Muna
Trog
Uskayaw
Vehumet
Wu Jian
Xom
Yredelemnul
Zin
The Shining One
Beogh

Shops:
D:5 ?   D:9 !

Annotations:
D:13 Rupert


Innate Abilities, Weirdness & Mutations

You are resistant to torment.
Your stone body is resilient. (AC +8)
You are immune to poison.
You resist negative energy. (rN+)
You are resistant to electric shocks. (rElec)
You can survive without breathing.
You are immune to petrification.
You are immune to rotting.
You have very sharp teeth.
You have a pair of small horns on your head.
Your flesh is cold resistant. (rC+)
You are robust. (+10% HP)
You evolve.
You expend magic power (3 MP) to strengthen your wands.


Message History

Evoke which item? (* to show all) (? for menu, Esc to quit)
You're too confused!
You are engulfed in freezing vapours.
Rupert is engulfed in freezing vapours.
Rupert roars madly and goes into a rage!
Rupert goes berserk!
Things that are here:
a +0 giant club x2
You are engulfed in freezing vapours.
Rupert hits you with a +2 great mace of protection!!!
* * * LOW HITPOINT WARNING * * *
There is an open door here.
Unknown command.
You're too confused!
Unknown command.
You feel better.
You are engulfed in freezing vapours.
* * * LOW HITPOINT WARNING * * *
Rupert is engulfed in freezing vapours.
Rupert barely misses you.
Rupert is engulfed in freezing vapours.
Rupert hits you with a +2 great mace of protection!!
You die...

.......#....^...# #.#
#.# ###....'........#
#####.# #)#
######........# #.....#
#.# +........# #.#####
#.# #........# #.# #.#
#........# #.#######.#
#....<...# #.#.......#
#.....§§§####.#.#######
#.....§§@@§...#.#
#.....§§§####.#.#
..#'###.####### ###.#
..@.....# #.#
........%.# #.#
..........# #.#
..........# #.#
..........# #.#
..........# #.#


You could see Rupert (berserk).

Vanquished Creatures
  A minotaur (Gauntlet)
  Erica (D:9)
  A two-headed ogre (D:13)
  A wizard (D:13)
  2 unseen horrors
  Pikel (D:8)
  A deep elf mage (D:13)
  A cyclops (D:12)
  Joseph (D:7)
  Psyche (D:10)
  2 trolls (D:9)
  A hornet (D:10)
  4 slime creatures (D:13)
  6 flying skulls (Gauntlet)
  A spriggan (D:12)
  5 shadows (Gauntlet)
  3 yaks (D:11)
  Eustachio (D:5)
  A human (D:12)
  3 hungry ghosts
  A steam dragon (D:8)
  A soldier ant (D:11)
  Purgy (D:4)
  12 orc warriors
  A sky beast (D:12)
  2 slaves (D:8)
  A black bear (D:8)
  3 ice beasts
  2 wolves (D:9)
  8 ogres
  4 centaurs
  2 crocodiles
  4 bullfrogs
  A wyvern skeleton (D:9)
  5 scorpions
  5 wights (D:6)
  4 electric eels (D:9)
  A howler monkey (D:13)
  6 crimson imps
  A quasit (D:9)
  11 hounds
  4 jellies
  7 orc priests
  A bullfrog skeleton (D:13)
  4 centaur skeletons
  5 iguanas
  9 worker ants
  10 orc wizards
  A hound skeleton (D:11)
  A worker ant zombie (D:11)
  9 gnolls
  14 adders
  3 shadow imps
  An ooze (D:3)
  2 adder zombies (D:6)
  An adder skeleton (D:4)
  3 worms
  3 dart slugs
  2 leopard geckos
  54 orcs
  13 bats
  4 giant cockroaches
  10 goblins
  9 hobgoblins
  6 jackals
  4 quokkas
  9 frilled lizards
  21 kobolds
  A quokka skeleton (D:6)
  A quokka zombie (D:6)
  4 rats
330 creatures vanquished.

Vanquished Creatures (others)
  Maurice (D:9)
  An adder (D:8)
  A shadow imp (D:12)
  A bat (D:9)
  A demonic plant (Gauntlet)
  5 fungi (D:9)
10 creatures vanquished.

Grand Total: 340 creatures vanquished

Notes
Turn   | Place    | Note
-------+----------+-------------------------------------------
     0 | D:1      | Haet the Gargoyle Earth Elementalist began the quest for
                  | the Orb.
     0 | D:1      | Reached XP level 1. HP: 10/10 MP: 3/3
   234 | D:1      | Reached XP level 2. HP: 7/15 MP: 3/5
   429 | D:1      | Reached skill level 4 in Earth Magic
   945 | D:2      | Reached XP level 3. HP: 19/19 MP: 1/7
   950 | D:2      | Learned a level 3 spell: Stone Arrow
  1385 | D:2      | Reached skill level 1 in Conjurations
  1391 | D:2      | Reached XP level 4. HP: 15/24 MP: 1/8
  1549 | D:2      | Found a faded altar of an unknown god.
  1926 | D:3      | Reached skill level 5 in Earth Magic
  2139 | D:3      | Reached XP level 5. HP: 28/28 MP: 7/9
  2159 | D:3      | Learned a level 5 spell: Lee's Rapid Deconstruction
  2394 | D:3      | Found a sparkling altar of Nemelex Xobeh.
  2679 | D:4      | Found a staircase to the Ecumenical Temple.
  2684 | Temple   | Entered the Ecumenical Temple
  2994 | D:4      | Reached XP level 6. HP: 28/32 MP: 6/11
  3147 | D:4      | Noticed Purgy
  3186 | D:4      | Killed Purgy
  3186 | D:4      | Reached skill level 6 in Earth Magic
  3186 | D:4      | Reached XP level 7. HP: 33/36 MP: 5/13
  3370 | D:4      | Found a hazy altar of Hepliaklqana.
  3695 | D:5      | Entered Level 5 of the Dungeon
  3735 | D:5      | Found Zeitz's Magic Scroll Emporium.
  3736 | D:5      | Found a glowing silver altar of Zin.
  3747 | D:5      | Gained mutation: You have very sharp teeth. [potion of
                  | mutation]
  3747 | D:5      | Gained mutation: You have a pair of small horns on your
                  | head. [potion of mutation]
  3747 | D:5      | Gained mutation: You evolve. [potion of mutation]
  3747 | D:5      | Gained mutation: You expend magic power (3 MP) to
                  | strengthen your wands. [potion of mutation]
  3855 | D:5      | Gained mutation: You are robust. (+10% HP) [evolution]
  4163 | D:5      | Bought a scroll of magic mapping for 42 gold pieces
  4245 | D:5      | Noticed Eustachio
  4256 | D:5      | Killed Eustachio
  4432 | D:5      | Found a glowing golden altar of the Shining One.
  4440 | D:5      | Reached skill level 5 in Spellcasting
  4440 | D:5      | Reached skill level 7 in Earth Magic
  4508 | D:5      | Reached XP level 8. HP: 45/45 MP: 10/15
  4585 | D:5      | Found a white marble altar of Elyvilon.
  4669 | D:5      | Found a basalt altar of Yredelemnul.
  4912 | D:6      | Reached skill level 5 in Conjurations
  4962 | D:6      | Found a stormy altar of Qazlal.
  4964 | D:6      | Found a hide-covered altar of Uskayaw.
  5064 | D:6      | Reached skill level 1 in Fighting
  5064 | D:6      | Reached skill level 1 in Armour
  5067 | D:6      | Found a burning altar of Makhleb.
  5145 | D:6      | Reached skill level 1 in Maces & Flails
  5145 | D:6      | Reached skill level 1 in Evocations
  6027 | D:7      | Noticed Joseph
  6275 | D:7      | Reached XP level 9. HP: 52/52 MP: 3/17
  6480 | D:7      | Reached skill level 8 in Earth Magic
  6571 | D:7      | Found an ancient bone altar of Kikubaaqudgha.
  6592 | D:7      | Killed Joseph
  7198 | D:8      | Found a flagged portal.
  7313 | Bailey   | Entered a bailey
  7912 | Bailey   | Reached XP level 10. HP: 61/61 MP: 4/19
  8402 | D:8      | Noticed Pikel
  8408 | D:8      | Killed Pikel
  8581 | D:8      | Found a shattered altar of Ashenzari.
  8889 | D:9      | Found a staircase to the Lair.
  8890 | D:9      | Noticed Maurice
  9034 | D:9      | Reached skill level 9 in Earth Magic
  9247 | D:9      | Killed Maurice
  9595 | D:9      | Found Joxzemom's Distillery.
  9602 | D:9      | Found a glowing silver altar of Zin.
  9603 | D:9      | Bought a potion of curing for 42 gold pieces
  9603 | D:9      | Bought a potion of invisibility for 112 gold pieces
  9603 | D:9      | Bought a potion of degeneration for 14 gold pieces
  9603 | D:9      | Bought a potion of heal wounds for 70 gold pieces
  9603 | D:9      | Bought a potion of curing for 42 gold pieces
  9827 | D:9      | Reached skill level 5 in Armour
 10212 | D:9      | Gained mutation: Your flesh is cold resistant. (rC+)
                  | [evolution]
 10228 | D:9      | Noticed Erica
 10244 | D:9      | Reached skill level 5 in Fighting
 10248 | D:9      | Killed Erica
 10248 | D:9      | Reached XP level 11. HP: 50/69 MP: 1/21
 10508 | D:9      | Found an ancient bone altar of Kikubaaqudgha.
 10522 | D:9      | Found a shimmering blue altar of Sif Muna.
 10528 | D:9      | Found a radiant altar of Vehumet.
 10534 | D:9      | Became a worshipper of Vehumet
 10626 | D:10     | Entered Level 10 of the Dungeon
 10703 | D:10     | Found a roughly hewn altar of Beogh.
 10703 | D:10     | Found a staircase to the Orcish Mines.
 10838 | D:10     | Reached * piety under Vehumet
 10838 | D:10     | Offered knowledge of Shock by Vehumet.
 11171 | D:10     | Noticed Psyche
 11186 | D:10     | Killed Psyche
 11214 | D:10     | Reached skill level 5 in Maces & Flails
 11566 | D:11     | Found a gate leading to a gauntlet.
 11571 | Gauntlet | Entered a Gauntlet
 11571 | Gauntlet | Found a large runed translucent door.
 11571 | Gauntlet | Found a large runed translucent door.
 11571 | Gauntlet | Found a large runed translucent door.
 11571 | Gauntlet | Found a large runed translucent door.
 11571 | Gauntlet | Found a large runed translucent door.
 11571 | Gauntlet | Found a large runed translucent door.
 11571 | Gauntlet | Found a runed translucent door.
 11571 | Gauntlet | Found a transporter.
 11571 | Gauntlet | Found a transporter.
 11571 | Gauntlet | Found a runed translucent door.
 11571 | Gauntlet | Found a large runed translucent door.
 11571 | Gauntlet | Found a large runed translucent door.
 11571 | Gauntlet | Found a large runed translucent door.
 11571 | Gauntlet | Found a large runed translucent door.
 11571 | Gauntlet | Found a large runed translucent door.
 11571 | Gauntlet | Found a large runed translucent door.
 11575 | Gauntlet | Found a transporter.
 11575 | Gauntlet | Found a transporter.
 11576 | Gauntlet | Found a large runed translucent door.
 11576 | Gauntlet | Found a large runed translucent door.
 11576 | Gauntlet | Found a large runed translucent door.
 11576 | Gauntlet | Found a large runed translucent door.
 11580 | Gauntlet | Found a runed translucent gate.
 11580 | Gauntlet | Found a runed translucent gate.
 11580 | Gauntlet | Found a runed translucent gate.
 11585 | Gauntlet | Found a transporter.
 11595 | Gauntlet | Found a transporter.
 11595 | Gauntlet | Found a transporter.
 11603 | Gauntlet | Noticed a faun
 11603 | Gauntlet | a slime creature changed into a faun
 11606 | Gauntlet | a faun changed into a slime creature
 11612 | Gauntlet | Noticed a deep troll
 11612 | Gauntlet | a slime creature changed into a deep troll
 11613 | Gauntlet | a deep troll changed into a floating eye
 11614 | Gauntlet | Noticed a glowing orange brain
 11614 | Gauntlet | a floating eye changed into a glowing orange brain
 11615 | Gauntlet | Noticed a sea snake
 11615 | Gauntlet | a shapeshifter changed into a sea snake
 11616 | Gauntlet | Noticed a deep troll
 11616 | Gauntlet | a glowing orange brain changed into a deep troll
 11618 | Gauntlet | a deep troll changed into a dream sheep
 11619 | Gauntlet | Found a transporter.
 11620 | Gauntlet | Noticed a death drake
 11626 | Gauntlet | Found a transporter.
 11627 | Gauntlet | Noticed a mana viper
 11627 | Gauntlet | a wind drake changed into a mana viper
 11628 | Gauntlet | a mana viper changed into a snapping turtle
 11638 | Gauntlet | Found a transporter.
 11640 | Gauntlet | Noticed a sea snake
 11641 | Gauntlet | Noticed an anaconda
 11641 | Gauntlet | a sea snake changed into an anaconda
 11670 | Gauntlet | Found a transporter.
 11716 | Gauntlet | Found a transporter.
 11730 | Gauntlet | Noticed a hell hog
 11731 | Gauntlet | Found a transporter.
 11822 | Gauntlet | Found a transporter.
 11823 | Gauntlet | Noticed a queen ant
 11831 | Gauntlet | Found a transporter.
 11846 | Gauntlet | Noticed a reaper
 11851 | Gauntlet | Found a transporter.
 11862 | Gauntlet | Noticed a cyclops
 11862 | Gauntlet | Noticed an iron giant
 11864 | Gauntlet | Noticed a fire giant
 11864 | Gauntlet | an iron giant changed into a fire giant
 11868 | Gauntlet | Noticed a sphinx
 11868 | Gauntlet | a fire giant changed into a sphinx
 11874 | Gauntlet | Noticed an iron giant
 11874 | Gauntlet | a sphinx changed into an iron giant
 11875 | Gauntlet | Noticed a caustic shrike
 11875 | Gauntlet | an iron giant changed into a caustic shrike
 11876 | Gauntlet | Noticed an iron dragon
 11876 | Gauntlet | a caustic shrike changed into an iron dragon
 11998 | Gauntlet | Got a pair of brightly glowing gloves
 12004 | Gauntlet | Identified the +0 pair of gloves of the Valley {rC+ rN+
                  | Str-3 Stlth+} (You found it in a Gauntlet)
 12227 | Gauntlet | Got a scintillating silver amulet
 12234 | Gauntlet | Noticed an orb spider
 12234 | Gauntlet | a hog changed into an orb spider
 12236 | Gauntlet | an orb spider changed into a meliai
 12310 | Gauntlet | Noticed a minotaur
 12373 | Gauntlet | Killed a minotaur
 12373 | Gauntlet | Reached skill level 5 in Evocations
 12530 | D:11     | Noticed an unseen horror
 12542 | D:11     | Killed an unseen horror
 12542 | D:11     | Reached skill level 5 in Dodging
 12542 | D:11     | Reached skill level 10 in Earth Magic
 12547 | D:11     | Reached ** piety under Vehumet
 12553 | D:11     | Offered knowledge of Searing Ray by Vehumet.
 12734 | D:11     | Identified a scroll of acquirement
 12734 | D:11     | Identified the ring "Axtamup" {rC- Int+3 Dex+9 Slay+4} (You
                  | acquired it on level 11 of the Dungeon)
 12734 | D:11     | Identified the Volume of Combat Magic (You acquired it on
                  | level 11 of the Dungeon)
 12734 | D:11     | Identified the +1 dire flail of the Swamp {vorpal, Dex+5}
                  | (You acquired it on level 11 of the Dungeon)
 12858 | D:11     | Identified the amulet of the Leaf {Faith Fragile MR+ Int+5}
                  | (You found it in a Gauntlet)
 13296 | D:12     | Reached XP level 12. HP: 78/78 MP: 23/23
 13842 | D:13     | Offered knowledge of Mephitic Cloud by Vehumet.
 13927 | D:13     | Noticed a two-headed ogre
 13928 | D:13     | Noticed Rupert
 13941 | D:13     | Killed a two-headed ogre
 13946 | D:13     | Slain by Rupert

Levels and vault maps discovered:
D:1:      heliophobic_arrival_henge, layout_basic
D:2:      layout_loops_ring, chequers_ecumenical_altar_lobes,
          ebering_dispersal_statue_hall
D:3:      layout_basic, lemuel_doored_altar, first_ration
D:4:      layout_loops_ring, lemuel_crystal_altar, minmay_temple_entry_ruins,
          minmay_starry_boxes, uniq_purgy
D:5:      layout_basic, kennysheep_ying_yang, nicolae_overflow_crystal_walls,
          basic_altar, serial_shops, shop_statue, uniq_eustachio
D:6:      layout_basic, kennysheep_little_box, nicolae_overflow_hidden_temple
D:7:      layout_loops_ring, lemuel_statue_altar, uniq_joseph
D:8:      layout_basic, lemuel_coloured_pillars_altar, enter_bailey_6,
          uniq_pikel
D:9:      old_forge, layout_cave_pools, palyth_temple_overflow_mages,
          overflow_temple_1_default, erik_lair_island, serial_shops, shop,
          uniq_maurice, uniq_erica
D:10:     layout_irregular_city, david_orc_5, uniq_psyche
D:11:     layout_cave_pools, gauntlet_entry_generic
D:12:     layout_roguey, hangedman_stone_soup
D:13:     layout_basic, nicolae_trove_entry_crystal, basic_altar, uniq_rupert
Temple:   jpeg_temple_island

Skill      XL: |  1  2  3  4  5  6  7  8  9 10 11 12 |
---------------+-------------------------------------+-----
Earth Magic    | 4 5 6 7 8 9 10 | 10.5
Conjurations   | 1 2 3 4 5 6 7 8 |  8.6
Spellcasting   | 3 4 5 6 7 |  7.9
Fighting       | 2 3 5 6 |  6.9
Armour         | 2 3 5 6 |  6.1
Maces & Flails | 2 3 4 5 6 |  6.3
Evocations     | 1 3 4 5 |  5.8
Dodging        | 2 3 4 5 |  5.6
Stealth        | |  2.1
Transmutations | |  0.7

Action                   |  1- 3 |  4- 6 |  7- 9 | 10-12 || total
-------------------------+-------+-------+-------+-------++-------
Melee: Club              |    42 |       |       |       ||    42
       Dagger            |    52 |   126 |    91 |       ||   269
       Short sword       |    20 |       |       |       ||    20
       Headbutt          |       |       |     9 |    19 ||    28
       Bite              |       |       |     5 |    19 ||    24
       Trident           |       |       |    21 |       ||    21
       Quarterstaff      |       |       |    19 |   161 ||   180
       Morningstar       |       |       |       |    57 ||    57
 Cast: Sandblast         |    15 |    44 |   106 |    66 ||   231
       Stone Arrow       |       |     6 |     5 |    21 ||    32
       Lee's Rapid Decon |       |       |    13 |    34 ||    47
Evoke: Wand              |       |       |     9 |    38 ||    47
  Use: Scroll            |       |    11 |     8 |    15 ||    34
       Potion            |       |     1 |     3 |     9 ||    13
 Stab: Sleeping          |     7 |       |     2 |     1 ||    10
       Distracted        |       |       |     1 |       ||     1
  Eat: Chunk             |    11 |     9 |    23 |    36 ||    79
Armor: Robe              |    42 |    32 |    45 |       ||   119
       Steam dragon scal |       |       |    11 |    40 ||    51
       Troll leather arm |       |       |       |   149 ||   149
Dodge: Dodged            |    64 |    79 |   134 |   229 ||   506

Table legend:
 A = Non-vault XP
 B = Vault XP
 C = Vault XP percentage of total XP
 D = Non-vault monster count
 E = Vault monster count
 F = Vault count percentage of total count
                 A         B        C        D         E       F
            +---------+---------+-------+---------+---------+-------
      Total |   13621 |    9862 |  42.0 |     231 |      98 |  29.8
            +---------+---------+-------+---------+---------+-------
        D:1 |      30 |       0 |   0.0 |      19 |       0 |   0.0
        D:2 |     107 |       0 |   0.0 |      23 |       0 |   0.0
        D:3 |     142 |       0 |   0.0 |      25 |       0 |   0.0
        D:4 |     228 |     166 |  42.1 |      12 |       4 |  25.0
        D:5 |     419 |     188 |  31.0 |      11 |       1 |   8.3
        D:6 |     963 |       0 |   0.0 |      26 |       0 |   0.0
        D:7 |    1012 |     445 |  30.5 |      21 |       1 |   4.5
        D:8 |    1018 |     641 |  38.6 |      19 |       1 |   5.0
        D:9 |    1291 |    2480 |  65.8 |      22 |      25 |  53.2
       D:10 |     819 |    1106 |  57.5 |      11 |      23 |  67.6
       D:11 |    2231 |       0 |   0.0 |      25 |       0 |   0.0
       D:12 |     983 |     389 |  28.4 |       6 |       4 |  40.0
       D:13 |    4378 |       0 |   0.0 |      11 |       0 |   0.0
     Bailey |       0 |     743 | 100.0 |       0 |      27 | 100.0
   Gauntlet |       0 |    3704 | 100.0 |       0 |      12 | 100.0
            +---------+---------+-------+---------+---------+-------
